 Dungeon Crawl Stone Soup version 0.31-a0-233-g139696dc86 (webtiles) character file.

Game seed: 2706789451487049976

175579 nono the Phalangite (level 18, -7/148 HPs)
             Began as a Formicid Delver on July 9, 2023.
             Was a High Priest of Trog.
             Killed from afar by a guardian serpent (26 damage)
             ... with a bolt of poison
             ... on level 4 of the Snake Pit.
             The game lasted 01:26:41 (35245 turns).

nono the Phalangite (Formicid Delver)              Turns: 35245, Time: 01:26:47

Health: -7/148     AC: 31    Str: 24    XL:     18   Next: 76%
Magic:  15/18      EV: 13    Int:  7    God:    Trog [*****.]
Gold:   1169       SH: 19    Dex: 10    Spells: 17/17 levels left

rFire   + + +        U - +9 bardiche (flame)
rCold   + + +        e - +2 tower shield {AC+3}
rNeg    + . .        X - +8 chain mail of Siwoufoso {rF++ rC+++ rCorr Int-2 Dex-5}
rPois   .            (helmet unavailable)
rElec   .            j - +2 cloak {rPois}
rCorr   +            z - +0 pair of gloves
SInv    +            E - +2 pair of boots
Will    +++..        y - amulet of the Pharaoh's Fist {rF+ rC++ Regen+ Slay+2} Stlth
                     p - ring of positive energy
HPRegen 2.24/turn    b - +5 ring of evasion
MPRegen 0.16/turn

%: no passive effects
@: lethally poisoned (-7 -> -8), strong-willed, poison vulnerable, regenerating,
constricted, studying 2 skills
A: permanent stasis, dig shafts and tunnels, antennae 3, four strong arms, dopey
1
a: Dig, Shaft Self, Renounce Religion, Trog's Hand, Brothers in Arms


You were on level 4 of the Snake Pit.
You worshipped Trog.
Trog was extremely pleased with you.
You visited 5 branches of the dungeon, and saw 27 of its levels.
You visited the Abyss 1 time.
You also visited: Ossuary.

You collected 3273 gold pieces.
You spent 2104 gold pieces at shops.

Inventory:

Hand Weapons
 d - a +0 demon trident of electrocution
 U - a +9 bardiche of flaming (weapon)
Missiles
 m - a throwing net
Armour
 e - a +2 tower shield of protection (worn)
 j - a +2 cloak of poison resistance (worn)
 z - a +0 pair of gloves (worn)
 E - a +2 pair of boots (worn)
 T - a +0 kite shield
 X - the +8 chain mail of Siwoufoso (worn) {rF++ rC+++ rCorr Int-2 Dex-5}
   (You took it off a salamander on level 1 of the Snake Pit)

   Int:       It affects your intelligence (-2).
   Dex:       It affects your dexterity (-5).
   rF:        It greatly protects you from fire.
   rC:        It renders you almost immune to cold.
   rCorr:     It protects you from acid and corrosion.
Jewellery
 b - a +5 ring of evasion (right hand)
 n - a ring of protection from cold
 p - a ring of positive energy (left hand)
 r - a ring of poison resistance
 t - an amulet of the acrobat
 y - the amulet of the Pharaoh's Fist (around neck) {rF+ rC++ Regen+ Slay+2}
   (You bought it in a shop on level 4 of the Snake Pit)

   [amulet of regeneration]

   Slay:      It affects your accuracy & damage with ranged weapons and melee
   (+2).
   rF:        It protects you from fire.
   rC:        It greatly protects you from cold.
   Regen:     It increases your rate of health regeneration.
 A - a ring of willpower
 C - a ring of protection from fire
 Q - the Hermit's Pendant {Faith Invo=14 Evo=0 MP+5}
   (You found it on level 8 of the Dungeon)

   [amulet of faith]

   Invo=14: It sets your Invocations skill to 14.
   Evo=0: It sets your Evocations skill to 0.
   It allows you to gain divine favour quickly.
   MP:        It affects your magic capacity (+5).
 R - the amulet of the Greedy {Faith rF+ Str+4 Dex-2}
   (You found it on level 11 of the Dungeon)

   [amulet of faith]

   It allows you to gain divine favour quickly.
   Str:       It affects your strength (+4).
   Dex:       It affects your dexterity (-2).
   rF:        It protects you from fire.
 S - a ring of protection from fire
Wands
 a - a wand of mindburst (3)
 f - a wand of digging (7)
 v - a wand of flame (41)
 B - a wand of roots (28)
 V - a wand of paralysis (13)
 Y - a wand of polymorph (9)
Scrolls
 c - 5 scrolls of fog
 i - 4 scrolls of revelation
 k - 5 scrolls of vulnerability
 l - 6 scrolls of fear
 s - 3 scrolls of poison
 D - a scroll of brand weapon
 F - 5 scrolls of butterflies
 G - 5 scrolls of silence
 J - 4 scrolls of immolation
 M - 2 scrolls of torment
 P - 6 scrolls of enchant armour
 Z - 2 scrolls of enchant weapon
Potions
 g - 3 potions of enlightenment
 o - 5 potions of lignification
 q - 6 potions of might
 u - 6 potions of attraction
 x - 10 potions of curing
 H - 2 potions of cancellation
 I - a potion of invisibility
 K - 3 potions of mutation
 L - 4 potions of brilliance
 N - 9 potions of ambrosia
 O - a potion of magic
Miscellaneous
 w - a phial of floods


   Skills:
 + Level 14.8 Fighting
 - Level 2.0(16.0) Axes
 - Level 23.9(24.0) Polearms
 - Level 10.8 Armour
 + Level 10.9 Dodging
 - Level 6.0 Stealth
 + Level 14.3 Shields


You had 17 spell levels left.
You didn't know any spells.
Your spell library was empty.

Dungeon Overview and Level Annotations

Branches:
Dungeon (15/15)            Temple (1/1) D:6            Lair (5/5) D:9
 Shoals (0/4) Lair:2        Snake (4/4) Lair:2        Slime (0/5) Lair:5
    Orc (2/2) D:9             Elf (0/3) Orc:2        Vaults (0/5) D:13
 Depths (0/4) D:15        Ossuary (visited)

Altars:
Cheibriados
Sif Muna
Trog
Uskayaw
Vehumet
Xom
Zin
Jiyva
Lugonu

Shops:
D:10 [   Orc:2 ((**   Snake:4 ?*[=

Portals:
Abyss: Lair:5
Trove: D:11 (give +3 ice dragon scales)

Annotations:
D:7 2 transporters, Shym's ghost, novice DrCj
Lair:5 3 runed translucent doors, initializr's ghost, journeyman DsNe


Innate Abilities, Weirdness & Mutations

You cannot be hasted, slowed, berserked, paralysed or teleported.
You can dig through walls and to a lower floor.
You have a pair of large antennae on your head. (SInv)
Your four strong arms can wield two-handed weapons with a shield.
You are dopey. (Int -2)


Message History

You block the guardian serpent's attack.
The salamander hits you but does no damage.
You block the naga ritualist's attack.
The naga ritualist mumbles some strange prayers to its god.
The naga ritualist begins to radiate toxic energy.
* * * LOW HITPOINT WARNING * * *
You are more poisoned.
The naga closely misses you. The naga constricts you.
Your iron troll goes berserk!
You feel very sick.
* * * LOW HITPOINT WARNING * * *
You are more poisoned.
Your troll looks as sick as possible!
Your iron troll is poisoned.
The naga ritualist's toxic aura wanes.
* * * LOW HITPOINT WARNING * * *
You are more poisoned.
Your troll looks as sick as possible!
Your troll bites the salamander.
Your troll completely misses the salamander.
Your troll claws the salamander!
The guardian serpent hits you but does no damage.
You block the naga ritualist's attack.
The salamander barely misses your troll.
Your troll rages.
Your troll bites the salamander!!
The salamander dies!
Trog accepts your kill.
You block the guardian serpent's attack.
The naga ritualist spits poison at you.
The splash of poison hits you but does no damage.
You are more poisoned.
You block the naga's attack. The naga constricts you.
You feel better.
* * * LOW HITPOINT WARNING * * *
You are poisoned.
Your troll looks as sick as possible!
The guardian serpent casts a spell at you.
The bolt of poison hits you!!
You are more poisoned.
You die...

...##,,,*,,**,,,,,,**{,*,,,##....
....##,....*,,,,,,,{*,..,,##(....
.....##...[,,,,,,,,,,...,##......
......##....*,,,,,,*....##.......
.......##...#*,,,,*#...##.(......
........##...#*,,*#N..##.........
.......).##...##*#...##..........
..........##..T##SS.##...........
...........##...@N.##.)..........
###.........##.|TN##...).........
+,####.......##''##..............
,,,,,#....................######.
,,,,,#.........##......?.##....##
**,,,#...................#......#
,+,,,#...##'#......).....#......#
,**,,#...#..###.........#)†.....#
,,*,,#...#....#.........#.......#


You could see 2 naga ritualists, a guardian serpent, a black mamba, a naga, a
friendly iron troll (summoned, berserk, poisoned) and a friendly troll
(summoned, berserk, extremely poisoned).

Vanquished Creatures
  Saint Roka (Orc:2)
  Rupert (D:13)
  3 tentacled monstrosities (Snake:3)
  A tentacled starspawn (Abyss:3)
  Gastronok (D:12)
  Frances (D:12)
  5 nagarajas
  The ghost of adozu the Bludgeoner, a journeyman DsMo of Qazlal (Orc:1)
  A very ugly thing (D:13)
  Azrael (D:14)
  A green death (Abyss:3)
  A yaktaur captain (D:15)
  3 hydras
  A salamander tyrant (Snake:2)
  2 catoblepae
  6 anacondas
  4 alligators (Snake:3)
  5 boulder beetles
  5 two-headed ogres
  8 centaur warriors
  11 naga warriors
  An orc high priest (Orc:2)
  A soul eater (Abyss:3)
  4 thrashing horrors
  11 naga sharpshooters
  4 shock serpents
  A hell hog (Abyss:3)
  Sonja (D:10)
  9 skeletal warriors
  A spatial maelstrom (Abyss:3)
  4 salamander mystics
  A flayed ghost (D:15)
  7 large abominations
  2 goliath frogs (Snake:3)
  Pikel (D:6)
  3 swamp dragons (Snake:3)
  2 wizards (D:15)
  A deep troll (D:13)
  5 naga ritualists
  A harpy (D:15)
  8 orc knights
  A fire giant zombie (D:15)
  A necromancer (D:15)
  2 deep elf pyromancers (D:15)
  8 ugly things
  A golden dragon skeleton (D:15)
  15 salamanders
  7 orc sorcerers
  8 mana vipers
  A frost giant zombie (D:15)
  4 manticores
  6 cyclopes
  A frost giant skeleton (D:15)
  4 elephants (Lair:2)
  An ice statue (D:11)
  30 black mambas
  3 guardian serpents
  11 naga magi
  18 cane toads
  A cane toad (shapeshifter) (D:13)
  2 gargoyles
  2 torpor snails
  2 smoke demons
  4 kobold demonologists
  A komodo dragon (shapeshifter) (Lair:5)
  An unseen horror (D:10)
  4 freezing wraiths
  A rime drake (shapeshifter) (D:14)
  10 komodo dragons
  Maggie (D:10)
  3 rime drakes
  2 ancient zymes
  A guardian mummy (D:15)
  A queen bee (Lair:2)
  A meliai (D:15)
  6 trolls
  3 polar bears
  A hornet (shapeshifter) (D:13)
  Prince Ribbit (D:5)
  A hornet (D:9)
  25 blink frogs
  7 slime creatures
  Sigmund (D:2)
  5 flying skulls (Abyss:3)
  A ynoxinul (Lair:5)
  A spriggan (shapeshifter) (Lair:5)
  2 wraiths
  A shadow (D:10)
  A centaur simulacrum (D:14)
  43 yaks
  2 water elementals (D:14)
  2 fire bats (Lair:3)
  2 vampires
  5 wyverns
  2 chaos spawn
  4 fire elementals
  3 basilisks
  A steam dragon (D:9)
  A neqoxec (Abyss:3)
  6 vampire mosquitoes
  34 nagas
  7 wargs
  18 water moccasins
  2 spatial vortices (Abyss:3)
  6 swamp worms
  A swamp worm (shapeshifter) (Lair:5)
  An acid dragon (D:13)
  4 hell hounds (D:13)
  14 small abominations
  A meliai simulacrum (D:14)
  28 orc warriors
  A black bear (D:4)
  4 ogres
  A black bear (shapeshifter) (D:13)
  12 wolves (Lair:1)
  3 starcursed masses (Abyss:3)
  18 centaurs
  2 phantoms (D:7)
  4 kobold brigands
  7 bullfrogs
  A wyvern zombie (Ossuary)
  2 gnoll sergeants
  2 scorpions
  4 water moccasin zombies (Ossuary)
  5 wights (D:8)
  27 killer bees
  A howler monkey (D:10)
  2 vampire bats (Orc:2)
  3 electric eels (Lair:3)
  7 bullfrog zombies (Ossuary)
  25 orc priests
  4 centaur zombies (Ossuary)
  6 jellies
  7 hounds
  A human zombie (D:7)
  2 gnoll boudas
  3 iguanas
  36 orc wizards
  A sleepcap (D:5)
  16 mummies (Ossuary)
  3 howler monkey zombies (Ossuary)
  15 gnolls
  4 adders
  4 white imps
  An ufetubus (D:6)
  4 worms
  2 dart slugs
  87 orcs
  8 ball pythons
  14 bats
  12 endoplasms
  4 giant cockroaches
  5 goblins
  8 hobgoblins
  2 jackals (D:1)
  4 quokkas
  7 frilled lizards
  14 kobolds
  3 rats
941 creatures vanquished.

Vanquished Creatures (collateral kills)
  A naga warrior (Snake:3)
  A wretched star (Abyss:3)
  A salamander mystic (Snake:4)
  A naga ritualist (Snake:4)
  2 salamanders
  A guardian serpent (Snake:3)
  A naga mage (Snake:3)
  A black mamba (Snake:3)
  An orange demon (Abyss:3)
  2 blink frogs (Abyss:3)
  2 nagas (Snake:3)
  A swamp worm (Snake:3)
  A small abomination (Abyss:3)
  A killer bee (D:9)
  A quasit (Abyss:3)
18 creatures vanquished.

Vanquished Creatures (others)
  A deep elf pyromancer (D:13)
  A small abomination (Abyss:3)
  An orc wizard (Orc:2)
  3 starspawn tentacles (Abyss:3)
6 creatures vanquished.

Grand Total: 965 creatures vanquished

Notes
Turn   | Place    | Note
-------+----------+-------------------------------------------
     0 | D:5      | nono the Formicid Delver began the quest for the Orb.
     0 | D:5      | Reached XP level 1. HP: 18/18 MP: 1/1
    31 | D:5      | Found a bloodstained altar of Trog.
    35 | D:5      | Became a worshipper of Trog the Wrathful
    50 | D:5      | Noticed a scorpion
   210 | D:4      | Noticed an iguana
   221 | D:4      | Noticed a black bear
   222 | D:4      | Noticed a jelly
   373 | D:3      | Reached XP level 2. HP: 17/20 MP: 2/2
   492 | D:2      | Reached skill level 1 in Armour
   590 | D:2      | Reached skill level 1 in Polearms
   590 | D:2      | Reached XP level 3. HP: 20/30 MP: 3/3
   926 | D:1      | Reached XP level 4. HP: 37/37 MP: 4/4
  1030 | D:1      | Reached * piety under Trog
  1558 | D:2      | Noticed Sigmund
  1563 | D:2      | Killed Sigmund
  1564 | D:2      | Reached skill level 2 in Polearms
  1564 | D:2      | Reached XP level 5. HP: 43/43 MP: 5/5
  1564 | D:2      | Reached XP level 6. HP: 50/50 MP: 6/6
  1657 | D:2      | Found a faded altar of an unknown god.
  1745 | D:2      | Reached skill level 5 in Fighting
  1882 | D:2      | Reached skill level 3 in Polearms
  2978 | D:4      | Killed a black bear
  2979 | D:4      | Reached XP level 7. HP: 43/56 MP: 7/7
  3417 | D:4      | Reached ** piety under Trog
  3641 | D:5      | Found a shimmering blue altar of Sif Muna.
  3675 | D:5      | Reached skill level 4 in Polearms
  3859 | D:5      | HP: 2/49 [gnoll/+0 club[a gnoll bouda] (2)]
  3871 | D:5      | Reached XP level 8. HP: 6/56 MP: 8/8
  4321 | D:5      | Reached skill level 5 in Armour
  4493 | D:5      | Noticed Prince Ribbit
  4497 | D:5      | Killed Prince Ribbit
  4498 | D:5      | Reached skill level 5 in Polearms
  4886 | D:6      | Noticed Pikel
  4892 | D:6      | Killed Pikel
  4893 | D:6      | Reached skill level 6 in Polearms
  4893 | D:6      | Reached XP level 9. HP: 65/74 MP: 9/9
  4923 | D:6      | Found a staircase to the Ecumenical Temple.
  5410 | D:6      | Reached *** piety under Trog
  5832 | Temple   | Entered the Ecumenical Temple
  5862 | D:7      | Reached skill level 7 in Polearms
  5965 | D:7      | Found a sand-covered staircase.
  5978 | Ossuary  | Entered an ossuary
  6022 | Ossuary  | Reached XP level 10. HP: 43/83 MP: 10/10
  6134 | Ossuary  | Reached **** piety under Trog
  6470 | D:7      | Found a shimmering altar of Xom.
  6471 | D:7      | Found a hide-covered altar of Uskayaw.
  6485 | D:7      | Reached skill level 8 in Polearms
  6590 | D:7      | Found a transporter.
  6590 | D:7      | Found a transporter.
  6590 | D:7      | Noticed Shym's ghost (novice DrCj)
  6759 | D:7      | Identified the +6 quick blade of the First Allies {freeze,
                  | Dex+4}
  7037 | D:8      | Reached skill level 10 in Fighting
  7042 | D:8      | Found the Hermit's Pendant {Faith Invo=14 Evo=0 MP+5}
  7219 | D:8      | Found a radiant altar of Vehumet.
  7755 | D:9      | Found a staircase to the Lair.
  7759 | D:9      | Reached XP level 11. HP: 81/92 MP: 11/11
  7821 | D:9      | Reached ***** piety under Trog
  7850 | D:9      | Reached skill level 9 in Polearms
  8068 | D:9      | Reached skill level 1 in Shields
  8169 | D:9      | Reached skill level 5 in Shields
  8754 | D:9      | Found a staircase to the Orcish Mines.
  8970 | D:9      | Found a snail-covered altar of Cheibriados.
  9106 | Lair:1   | Entered Level 1 of the Lair of Beasts
  9262 | Lair:1   | Reached skill level 10 in Armour
  9944 | Lair:1   | Received a gift from Trog
 10109 | Lair:1   | Reached XP level 12. HP: 54/99 MP: 12/12
 10896 | Lair:2   | Reached skill level 10 in Polearms
 10915 | Lair:2   | Reached skill level 10 in Shields
 11176 | Lair:2   | Found a staircase to the Snake Pit.
 11207 | Lair:2   | Reached skill level 11 in Polearms
 11495 | Lair:2   | Reached skill level 12 in Polearms
 12146 | Lair:2   | Found a staircase to the Shoals.
 12289 | Lair:2   | Received a gift from Trog
 12529 | Lair:2   | Reached XP level 13. HP: 91/106 MP: 13/13
 12753 | Lair:3   | Reached skill level 13 in Polearms
 12872 | Lair:3   | Noticed a five-headed hydra
 12898 | Lair:3   | Killed a three-headed hydra
 13396 | Lair:3   | Reached skill level 14 in Polearms
 14423 | Lair:3   | Reached skill level 15 in Polearms
 15229 | Lair:4   | Noticed a catoblepas
 15242 | Lair:4   | Killed a catoblepas
 16414 | Lair:5   | Entered Level 5 of the Lair of Beasts
 16431 | Lair:5   | Found a runed translucent gate.
 16434 | Lair:5   | Found a runed translucent gate.
 16434 | Lair:5   | Found a runed translucent gate.
 16436 | Lair:5   | Noticed initializr's ghost (journeyman DsNe)
 16437 | Lair:5   | Noticed a minotaur
 16464 | Lair:5   | Found a staircase to the Slime Pits.
 16472 | Lair:5   | Reached skill level 16 in Polearms
 16473 | Lair:5   | Found a viscous altar of Jiyva.
 16726 | Lair:5   | Reached XP level 14. HP: 74/113 MP: 14/14
 16997 | Lair:5   | Received a gift from Trog
 17288 | Lair:5   | Reached skill level 17 in Polearms
 17810 | Lair:5   | Found a corrupted altar of Lugonu.
 17810 | Lair:5   | Found a one-way gate to the infinite horrors of the Abyss.
 18999 | D:10     | Entered Level 10 of the Dungeon
 18999 | D:10     | Noticed Sonja
 19006 | D:10     | Killed Sonja
 19007 | D:10     | Reached skill level 18 in Polearms
 19016 | D:10     | Identified the +0 mace of Offence {flame, rElec}
 19825 | D:10     | Noticed Maggie
 19832 | D:10     | Killed Maggie
 20162 | D:10     | Found Ateoxtiv's Armour Shop.
 20300 | D:11     | Identified the amulet of the Greedy {Faith rF+ Str+4 Dex-2}
 20408 | D:11     | Found a portal to a secret trove of treasure.
 21035 | D:12     | Noticed Frances
 21044 | D:12     | Killed Frances
 21115 | D:12     | Reached skill level 5 in Dodging
 21235 | D:12     | Received a gift from Trog
 21353 | D:12     | Reached XP level 15. HP: 119/119 MP: 15/15
 21658 | D:12     | Noticed Gastronok
 21670 | D:12     | Killed Gastronok
 22155 | D:13     | Reached skill level 10 in Dodging
 22365 | D:13     | Noticed a brown very ugly thing
 22378 | D:13     | Reached skill level 19 in Polearms
 22391 | D:13     | Killed a brown very ugly thing
 22497 | D:13     | Identified the +7 hand axe "Feecucwi" {protect, Int+4
                  | Dex+3}
 22615 | D:13     | Noticed Rupert
 22620 | Abyss:3  | Cast into level 3 of the Abyss (Rupert)
 22642 | Abyss:3  | Found a corrupted altar of Lugonu.
 22645 | Abyss:3  | Found a corrupted altar of Lugonu.
 22645 | Abyss:3  | Found a corrupted altar of Lugonu.
 22675 | Abyss:3  | Noticed a tentacled starspawn
 22684 | Abyss:3  | Killed a tentacled starspawn
 22875 | Abyss:3  | Gained mutation: You are dopey. (Int -2) [a neqoxec]
 22919 | Abyss:3  | Reached skill level 20 in Polearms
 22931 | D:13     | Escaped the Abyss
 22935 | D:13     | HP: 2/95 [Rupert/+0 battleaxe of distortion (15)]
 23299 | D:14     | Identified the +5 great mace "Usitea" {antimagic, Str+3}
                  | (Trog gifted it to you on level 14 of the Dungeon)
 23299 | D:14     | Received a gift from Trog
 23616 | D:14     | Identified the +3 falchion of Ru's Benevolence {pain,
                  | +Blink}
 23715 | D:14     | Reached XP level 16. HP: 86/120 MP: 16/16
 24283 | D:13     | Noticed Azrael
 24292 | D:14     | Killed Azrael
 24894 | D:13     | Killed Rupert
 24928 | D:13     | Found a gate to the Vaults.
 24991 | D:13     | Reached skill level 21 in Polearms
 25318 | D:15     | Entered Level 15 of the Dungeon
 25336 | D:15     | Identified the +11 chain mail of the Unbroken {-Tele Int+4}
 25560 | D:15     | Found a staircase to the Depths.
 25919 | D:15     | Found a glowing silver altar of Zin.
 26037 | D:15     | Found a bloodstained altar of Trog.
 26483 | Orc:1    | Entered Level 1 of the Orcish Mines
 26603 | Orc:1    | Found a runed translucent gate.
 26603 | Orc:1    | Noticed adozu's ghost (journeyman DsMo)
 26604 | Orc:1    | Found a runed translucent gate.
 26605 | Orc:1    | Found a runed translucent gate.
 26613 | Orc:1    | Identified the +3 plate armour of the Gardener {Int+2
                  | Dex+2}
 26631 | Orc:1    | Killed adozu's ghost
 26632 | Orc:1    | Reached skill level 22 in Polearms
 27024 | Orc:2    | Entered Level 2 of the Orcish Mines
 27311 | Orc:2    | Received a gift from Trog
 27507 | Orc:2    | Found Xul Lyn's Assorted Antiques.
 27507 | Orc:2    | Found Diffyq's General Store.
 27508 | Orc:2    | Found Ageqaf's Antique Weapon Emporium.
 27511 | Orc:2    | Found Eclu's Antique Weapon Emporium.
 27518 | Orc:2    | Bought a +2 pair of boots for 231 gold pieces
 27518 | Orc:2    | Bought a scroll of enchant armour for 105 gold pieces
 27518 | Orc:2    | Bought 2 potions of curing for 84 gold pieces
 27703 | Orc:2    | Found a staircase to the Elven Halls.
 27703 | Orc:2    | Noticed Saint Roka
 27745 | Orc:2    | Killed Saint Roka
 27746 | Orc:2    | Reached XP level 17. HP: 23/103 MP: 17/17
 28950 | Snake:1  | Entered Level 1 of the Snake Pit
 29340 | Snake:1  | Reached ****** piety under Trog
 29345 | Snake:1  | Reached skill level 23 in Polearms
 29716 | Snake:1  | Received a gift from Trog
 29994 | Snake:1  | Identified the +8 chain mail of Siwoufoso {rF++ rC+++ rCorr
                  | Int-2 Dex-5}
 31147 | Snake:2  | Identified the +7 flail of Generosity {drain, Str-5 Dex+3}
 32240 | Snake:2  | Received a gift from Trog
 32836 | Snake:3  | Noticed a tentacled monstrosity
 33168 | Snake:3  | Reached XP level 18. HP: 142/142 MP: 18/18
 33861 | Snake:3  | Killed a tentacled monstrosity
 33895 | Snake:3  | Noticed a tentacled monstrosity
 33903 | Snake:3  | Killed a tentacled monstrosity
 33937 | Snake:3  | Noticed a tentacled monstrosity
 33941 | Snake:3  | Received a gift from Trog
 34057 | Snake:3  | Killed a tentacled monstrosity
 34381 | Snake:3  | Identified a scroll of acquirement
 34381 | Snake:3  | Acquired a manual of Fighting
 34716 | Snake:4  | Entered Level 4 of the Snake Pit
 34789 | Snake:4  | Found Caafenn's Jewellery Shop.
 34793 | Snake:4  | Found Cirago Bunu's Armour Shop.
 34793 | Snake:4  | Found Rogiv's General Store.
 34796 | Snake:4  | Found Enlats's Magic Scroll Boutique.
 34798 | Snake:4  | Bought the amulet of the Pharaoh's Fist {rF+ rC++ Regen+
                  | Slay+2} for 1328 gold pieces
 34820 | Snake:4  | Bought a scroll of fear for 68 gold pieces
 34820 | Snake:4  | Bought a scroll of brand weapon for 161 gold pieces
 34820 | Snake:4  | Bought a scroll of enchant armour for 127 gold pieces
 35112 | Snake:4  | Identified the +0 pair of boots of Watchfulness {Will+
                  | Int+9 Dex-5}
 35245 | Snake:4  | Killed from afar by a guardian serpent

Illustrated notes

Levels and vault maps discovered:
D:1:      dpeg_arrival_concentric_ovals, layout_loops_ring
D:2:      layout_loops_corners, shapermc_ecumenical_altar_totnotflames,
          minmay_tromino_v4_c, uniq_sigmund
D:3:      layout_basic, kennysheep_minor_cross, minmay_misc_feat_alley,
          chequers_mini_garden
D:4:      layout_basic, cheibrodos_sewer_entry_bend, minmay_misc_feat_rows,
          minmay_close_crescents
D:5:      layout_basic, mainiacjoe_overflow_catwalk,
          mainiacjoe_overflow_boulevard, minmay_misc_feat_square,
          uniq_prince_ribbit1
D:6:      layout_basic, minmay_temple_entry_slanted, uniq_pikel
D:7:      layout_cave_pools, nicolae_overflow_squiral, gammafunk_ghost_hive,
          enter_ossuary_3
D:8:      layout_loops_cross, mainiacjoe_overflow_chevrons
D:9:      layout_cave_pools, cheibriados_altar_1, lair_entry_dummy,
          hiddenorc2_lemuel
D:10:     minmay_thinvault, layout_basic, serial_shops, shop, uniq_maggie,
          uniq_sonja
D:11:     layout_irregular_city, nicolae_trove_entry_diagonal,
          hangedman_decor_points, minivault_15
D:12:     layout_long_grid, uniq_frances, uniq_gastronok
D:13:     minmay_triangles_in_corner, layout_layer_cave, david_vaults_4,
          uniq_rupert, uniq_azrael
D:14:     layout_roguey, kennysheep_donut, nrook_guardian_serpent_double
D:15:     gammafunk_depths_entry_grave, layout_small_grid, bloody_trog,
          minmay_ruined_shrine
Temple:   eino_temple_scatter_basement
Lair:1:   layout_cave_pods
Lair:2:   layout_roguey [special_room_bee], shoals_dummy_entry,
          minmay_snake_entry_guardpost_medium, st_stairs_5, grunt_megastairs_4
Lair:3:   layout_gridlike, beast_lair_carwin_9, serial_bayou_shore_a,
          serial_bayou_shore_b
Lair:4:   layout_misc_corridors
Lair:5:   hellmonk_lair_end_abyssal_woods, layout_cave_pods,
          nicolae_slime_entry_field_trip, maelrawn_ghost_gauntlet_escape,
          serial_bayou_shore_b
Snake:1:  layout_layer_cave
Snake:2:  layout_chambers, grunt_megastairs_3
Snake:3:  onia_ninara_swampy_vault, layout_onion
Snake:4:  johnstein_snake_rune_scales, layout_cave_town, st_stairs_8,
          minmay_shoptagon
Orc:1:    layout_caves, biasface_ghost_orc_armoury, guppyfry_library_mini
Orc:2:    st_orc_mages, layout_diamond_mine, basic_altar, roderic_batcave,
          uniq_saint_roka

Skill      XL: |  1  2  3  4  5  6  7  8  9 10 11 12 13 14 15 16 17 18 |
---------------+-------------------------------------------------------+-----
Armour         | 1 3 4 7 8 9 10 | 10.8
Polearms       | 1 2 3 4 6 7 8 9 12 16 18 20 22 23 | 23.9
Fighting       | 4 5 6 8 9 10 11 12 14 | 14.8
Shields        | 9 10 11 14 | 14.3
Dodging        | 6 10 | 10.9
Axes           | |  2.0
Stealth        | |  6.0

Action                     |  1- 3 |  4- 6 |  7- 9 | 10-12 | 13-15 | 16-18 || total
---------------------------+-------+-------+-------+-------+-------+-------++-------
  Melee: Hand axe          |    47 |       |       |       |       |       ||    47
         Demon trident     |    27 |    94 |   290 |   534 |       |       ||   945
         Punch             |     1 |     1 |     3 |     3 |       |       ||     8
         Bardiche          |       |       |       |   211 |   792 |  1115 ||  2118
 Invoke: Trog's Hand       |       |       |     1 |     4 |     9 |     6 ||    20
         Brothers in Arms  |       |       |       |     1 |     1 |     5 ||     7
Ability: Dig               |     1 |     2 |     2 |     7 |    10 |    11 ||    33
  Evoke: Wand              |       |       |     1 |       |       |       ||     1
    Use: Scroll            |     2 |       |       |     9 |    12 |     6 ||    29
         Potion            |       |       |     5 |     4 |     4 |     7 ||    20
   Stab: Sleeping          |     6 |    12 |       |       |       |       ||    18
         Distracted        |       |       |       |     2 |       |     3 ||     5
         Petrified         |       |       |       |       |     2 |     5 ||     7
         Invisible         |       |       |       |       |       |     6 ||     6
         Petrifying        |       |       |       |       |       |     1 ||     1
 Armour: Leather armour    |    20 |    12 |       |       |       |       ||    32
         Chain mail        |       |     9 |   106 |   218 |       |   171 ||   504
         Skin              |       |       |    12 |       |       |       ||    12
         Plate armour      |       |       |       |   107 |   272 |   150 ||   529
  Dodge: Dodged            |    67 |    32 |   128 |   261 |   336 |   477 ||  1301
  Block: Kite shield       |       |       |       |   221 |   403 |   370 ||   994
         Tower shield      |       |       |       |       |       |   240 ||   240

Table legend: (Time is in decaauts)
 A = Elapsed time spent in this place.
 B = Non-inter-level travel time spent in this place.
 C = Inter-level travel time spent in this place.
 D = Time resting spent in this place.
 E = Time spent auto-exploring this place.
 F = Levels seen in this place.
 G = Mean time per level.
                   A        B        C        D        E       F      G
               +--------+--------+--------+--------+--------+-----+--------+
         Total |  35301 |  33733 |   1568 |   4298 |  22595 |  29 | 1217.3 |
       Dungeon |  16000 |  15077 |    923 |   1156 |  11022 |  15 | 1066.7 |
        Temple |      1 |      1 |      0 |      0 |      0 |   1 |    1.0 |
          Lair |  10011 |   9622 |    389 |   1342 |   6798 |   5 | 2002.2 |
     Snake Pit |   6204 |   6055 |    149 |   1373 |   3353 |   4 | 1551.0 |
  Orcish Mines |   2296 |   2191 |    105 |    284 |   1315 |   2 | 1148.0 |
         Abyss |    310 |    310 |      0 |      3 |      0 |   1 |  310.0 |
       Ossuary |    475 |    475 |      0 |    140 |    106 |   1 |  475.0 |
               +--------+--------+--------+--------+--------+-----+--------+

Top non-repeatable levels by time:
  Lair:5: 2342 daAuts
 Snake:2: 2307 daAuts
  Lair:3: 2239 daAuts
  Lair:2: 2168 daAuts
 Snake:1: 1993 daAuts
  Lair:1: 1698 daAuts
    D:13: 1695 daAuts
     D:9: 1596 daAuts
  Lair:4: 1563 daAuts
 Snake:3: 1389 daAuts
     D:5: 1303 daAuts
    D:14: 1296 daAuts
     D:6: 1296 daAuts
    D:10: 1236 daAuts
   Orc:2: 1187 daAuts
